 Dungeon Sprint DCSS version 0.26-a0-491-g70697cc071 (webtiles) character file.

Game seed: 4243209137178637703

302 Gargoyl the Fighter (level 6, -4/56 HPs)
             Began as a Gnoll Abyssal Knight on Aug 5, 2020.
             Was a Believer of Lugonu.
             Slain by a slime creature (15 damage)
             ... in the Dungeon (Sprint I: "Red Sonja").
             The game lasted 00:01:00 (697 turns).

Gargoyl the Fighter (Gnoll Abyssal Knight)           Turns: 697, Time: 00:01:00

Health: -4/56      AC:  3    Str: 16    XL:     6   Next: 37%
Magic:  12/12      EV: 15    Int: 14    God:    Lugonu [**....]
Gold:   175        SH:  0    Dex: 15    Spells: 13/13 levels left

rFire    . . .     SeeInvis .   a - +1 hand axe
rCold    . . .     Faith    .   (no shield)
rNeg     . . .     Spirit   .   b - +0 leather armour
rPois    .         Reflect  .   (no helmet)
rElec    .         Harm     .   (no cloak)
rCorr    .         NoTele   +   (no gloves)
MR       .....                  (no boots)
Stlth    +++.......             (no amulet)
HPRegen  0.18/turn              (no ring)
MPRegen  0.13/turn              (no ring)

@: no status effects
A: distributed training, fangs 1, strong nose
a: Bend Space, Renounce Religion


You were in the Dungeon.
You worshipped Lugonu.
Lugonu was pleased with you.
You visited 1 branch You collected 175 gold pieces.

Inventory:

Hand Weapons
 a - a +1 hand axe (weapon)
Armour
 b - a +0 leather armour (worn)
Wands
 d - a wand of flame (19)
Scrolls
 h - a scroll of blinking
Potions
 f - 2 potions of magic


   Skills:
 + Level 8.0 Fighting
 + Level 4.4 Short Blades
 + Level 4.4 Long Blades
 + Level 6.5 Axes
 + Level 4.4 Maces & Flails
 + Level 4.4 Polearms
 + Level 4.4 Staves
 + Level 4.4 Slings
 + Level 4.4 Bows
 + Level 4.4 Crossbows
 + Level 4.4 Throwing
 + Level 6.5 Armour
 + Level 5.2 Dodging
 + Level 4.4 Stealth
 + Level 4.4 Shields
 + Level 4.4 Unarmed Combat
 + Level 4.4 Spellcasting
 + Level 3.7 Conjurations
 + Level 3.7 Hexes
 + Level 3.7 Summonings
 + Level 3.7 Necromancy
 + Level 3.7 Translocations
 + Level 3.7 Transmutations
 + Level 3.7 Fire Magic
 + Level 3.7 Ice Magic
 + Level 3.7 Air Magic
 + Level 3.7 Earth Magic
 + Level 3.7 Poison Magic
 + Level 6.8 Invocations
 + Level 4.4 Evocations


You had 13 spell levels left.
You didn't know any spells.
Your spell library was empty.

Dungeon Overview and Level Annotations

Branches:
Dungeon (1/1)

Altars:
Makhleb
Sif Muna
Vehumet
Wu Jian
Xom
Jiyva
Lugonu


Innate Abilities, Weirdness & Mutations

Your experience applies equally to all skills.
You have very sharp teeth.
Your uncanny sense of smell can sniff out nearby items.


Message History

You hit the slime creature.
The slime creature is heavily wounded.
The slime creature hits you!
You hit the slime creature but do no damage.
The slime creature is heavily wounded.
The slime creature closely misses you.
You slash the slime creature!
The slime creature is heavily wounded.
The slime creature hits you!
* * * LOW HITPOINT WARNING * * *
You feel better.
The slime creature hits you but does no damage.
It was a potion of cancellation.
You feel magically purged. The slime creature hits you.
* * * LOW HITPOINT WARNING * * *
You hit the slime creature.
You bite the slime creature, but do no damage.
The slime creature is heavily wounded.
The slime creature hits you!
You die...

###################
#<.#..').#.)'..#__#∆∆
#..'[.#..'..#..@J.+∆∆
#..#####'#####'#__#
#..# #..#∆∆∆#.####∆∆
#..# ####∆∆ #.# ∆
#..# #_.+ #⌠⌠# ..._#
∆ #### #_.#+# ∆∆ ##+
∆ ∆∆∆∆ ∆


You could see a slime creature.

Vanquished Creatures
  Sigmund (D)
  An ogre (D)
  A jelly (D)
  Ijyb (D)
4 creatures vanquished.

Vanquished Creatures (others)
  A gargoyle (D)
1 creature vanquished.

Grand Total: 5 creatures vanquished

Notes
Turn   | Place    | Note
-------+----------+-------------------------------------------
     0 | D        | Gargoyl the Gnoll Abyssal Knight began the quest for the
                  | Orb.
     0 | D        | Reached XP level 1. HP: 23/23 MP: 3/3
     1 | D        | Noticed Ijyb
    37 | D        | Killed Ijyb
    37 | D        | Reached skill level 1 in Short Blades
    37 | D        | Reached skill level 1 in Long Blades
    37 | D        | Reached skill level 1 in Maces & Flails
    37 | D        | Reached skill level 1 in Polearms
    37 | D        | Reached skill level 1 in Staves
    37 | D        | Reached skill level 1 in Slings
    37 | D        | Reached skill level 1 in Bows
    37 | D        | Reached skill level 1 in Crossbows
    37 | D        | Reached skill level 1 in Throwing
    37 | D        | Reached skill level 1 in Stealth
    37 | D        | Reached skill level 1 in Shields
    37 | D        | Reached skill level 1 in Unarmed Combat
    37 | D        | Reached skill level 1 in Spellcasting
    37 | D        | Reached skill level 1 in Conjurations
    37 | D        | Reached skill level 1 in Hexes
    37 | D        | Reached skill level 1 in Summonings
    37 | D        | Reached skill level 1 in Necromancy
    37 | D        | Reached skill level 1 in Translocations
    37 | D        | Reached skill level 1 in Transmutations
    37 | D        | Reached skill level 1 in Fire Magic
    37 | D        | Reached skill level 1 in Ice Magic
    37 | D        | Reached skill level 1 in Air Magic
    37 | D        | Reached skill level 1 in Earth Magic
    37 | D        | Reached skill level 1 in Poison Magic
    37 | D        | Reached skill level 5 in Invocations
    37 | D        | Reached skill level 1 in Evocations
    37 | D        | Reached XP level 2. HP: 23/29 MP: 3/5
    37 | D        | Reached XP level 3. HP: 28/35 MP: 3/6
    97 | D        | Noticed an ogre
   103 | D        | Killed an ogre
   103 | D        | Reached ** piety under Lugonu
   103 | D        | Reached skill level 7 in Fighting
   103 | D        | Reached skill level 5 in Axes
   103 | D        | Reached skill level 5 in Armour
   103 | D        | Reached XP level 4. HP: 24/43 MP: 6/8
   286 | D        | Noticed Sigmund
   302 | D        | Killed Sigmund
   302 | D        | Reached skill level 5 in Dodging
   302 | D        | Reached XP level 5. HP: 21/49 MP: 8/11
   302 | D        | Reached XP level 6. HP: 25/56 MP: 8/12
   502 | D        | Found an ornate altar of the Wu Jian Council.
   502 | D        | Found a shimmering blue altar of Sif Muna.
   504 | D        | Found a radiant altar of Vehumet.
   513 | D        | Reached skill level 8 in Fighting
   551 | D        | Killed a gargoyle
   686 | D        | Found a burning altar of Makhleb.
   686 | D        | Found a viscous altar of Jiyva.
   686 | D        | Found a shimmering altar of Xom.
   686 | D        | Found a corrupted altar of Lugonu.
   686 | D        | Noticed a slime creature
   697 | D        | Slain by a slime creature

Illustrated notes

Levels and vault maps discovered:
D:        dungeon_sprint_1 [red_sonja_temple_1, red_sonja_temple_small_1]

Skill      XL: |  1  2  3  4  5  6 |
---------------+-------------------+-----
Short Blades   | 1 3 4 |  4.4
Long Blades    | 1 3 4 |  4.4
Maces & Flails | 1 3 4 |  4.4
Polearms       | 1 3 4 |  4.4
Staves         | 1 3 4 |  4.4
Slings         | 1 3 4 |  4.4
Bows           | 1 3 4 |  4.4
Crossbows      | 1 3 4 |  4.4
Throwing       | 1 3 4 |  4.4
Dodging        | 3 4 5 |  5.2
Stealth        | 1 3 4 |  4.4
Shields        | 1 3 4 |  4.4
Unarmed Combat | 1 3 4 |  4.4
Spellcasting   | 1 3 4 |  4.4
Conjurations   | 1 2 3 |  3.7
Hexes          | 1 2 3 |  3.7
Summonings     | 1 2 3 |  3.7
Necromancy     | 1 2 3 |  3.7
Translocations | 1 2 3 |  3.7
Transmutations | 1 2 3 |  3.7
Fire Magic     | 1 2 3 |  3.7
Ice Magic      | 1 2 3 |  3.7
Air Magic      | 1 2 3 |  3.7
Earth Magic    | 1 2 3 |  3.7
Poison Magic   | 1 2 3 |  3.7
Invocations    | 5 6 |  6.8
Evocations     | 1 3 4 |  4.4
Fighting       | 7 8 |  8.0
Axes           | 5 6 |  6.5
Armour         | 5 6 |  6.5

Action                   |  1- 3 |  4- 6 || total
-------------------------+-------+-------++-------
Melee: Hand axe          |    38 |    26 ||    64
       Bite              |     5 |     6 ||    11
       Punch             |       |     2 ||     2
  Use: Potion            |     2 |     3 ||     5
Armor: Leather armour    |     5 |     2 ||     7
Dodge: Dodged            |    21 |     9 ||    30

Table legend: (Time is in decaauts)
 A = Elapsed time spent in this place.
 B = Non-inter-level travel time spent in this place.
 C = Inter-level travel time spent in this place.
 D = Time resting spent in this place.
 E = Time spent auto-exploring this place.
 F = Levels seen in this place.
 G = Mean time per level.
                   A        B        C        D        E       F      G
               +--------+--------+--------+--------+--------+-----+--------+
         Total |    690 |    690 |      0 |    577 |      0 |   1 |  690.0 |
       Dungeon |    690 |    690 |      0 |    577 |      0 |   1 |  690.0 |
               +--------+--------+--------+--------+--------+-----+--------+

Top non-repeatable levels by time:
       D: 690 daAuts
